 Dungeon Crawl Stone Soup version 0.23.0 (webtiles) character file.

Game seed: 3336403270093423414

4604 Ivernyr the Ogre Mage (level 10, -7/107 HPs)
             Began as an Ogre Wizard on Feb 12, 2019.
             Was a Priest of Cheibriados.
             Mangled by a two-headed ogre
             ... wielding a +0 giant club
              (22 damage)
             ... on level 10 of the Dungeon on Feb 13, 2019.
             The game lasted 01:49:49 (14461 turns).

Ivernyr the Ogre Mage (Ogre Wizard)                Turns: 14461, Time: 01:49:49

Health: -7/107     AC:  9    Str: 21    XL:     10   Next: 42%
Magic:  16/25      EV: 10    Int: 30    God:    Cheibriados [***...]
Gold:   746        SH:  0    Dex: 15    Spells: 22/31 levels left

rFire    . . .     SeeInvis .   b - +1 trident (freeze)
rCold    . . .     Gourm    .   (no shield)
rNeg     . . .     Faith    .   a - +0 robe
rPois    .         Spirit   .   G - +2 hat
rElec    .         Reflect  .   u - +0 cloak
rCorr    .         Harm     .   (gloves unavailable)
MR       ++...                  (boots unavailable)
Stlth    ++........             (no amulet)
HPRegen  0.27/turn              q - ring of protection from magic
MPRegen  0.19/turn              w - +3 ring of protection

@: very slow
A: large, unfitting armour, tough skin 1
a: Bend Time, Temporal Distortion, Renounce Religion


You were on level 10 of the Dungeon.
You worshipped Cheibriados.
Cheibriados was most pleased with you.
You were not hungry.

You visited 1 branch of the dungeon, and saw 10 of its levels.

You collected 746 gold pieces.

Inventory:

Hand Weapons
 b - a +1 trident of freezing (weapon)
Armour
 a - a +0 robe (worn)
 u - a +0 cloak (worn)
 G - a +2 hat (worn)
Jewellery
 q - a ring of protection from magic (left hand)
 v - an uncursed ring of resist corrosion
 w - a +3 ring of protection (right hand)
Wands
 y - a wand of disintegration (20)
 B - a wand of paralysis (9)
 E - a wand of flame (24)
 H - a wand of scattershot (6)
Scrolls
 c - 5 scrolls of magic mapping
 i - 5 scrolls of remove curse
 l - a scroll of brand weapon {unknown}
 n - 2 scrolls of fog
 s - a scroll of enchant armour {unknown}
 t - 2 scrolls of blinking {unknown}
 A - a scroll of fear {unknown}
 D - 2 scrolls of noise {unknown}
 F - a scroll of enchant weapon {unknown}
 I - 2 scrolls of identify
 J - a scroll of amnesia {unknown}
 L - a scroll of immolation {unknown}
 M - a scroll of teleportation
Potions
 e - a potion of might
 f - 6 potions of curing
 g - 3 potions of heal wounds
 h - 3 potions of brilliance {unknown}
 j - a potion of agility {unknown}
 k - a potion of ambrosia {unknown}
 m - 3 potions of invisibility {unknown}
 o - a potion of lignification {unknown}
 p - 3 potions of haste {unknown}
 r - 2 potions of flight {unknown}
 x - 2 potions of magic {unknown}
 z - a potion of mutation {unknown}
 C - a potion of berserk rage {unknown}
 K - a potion of resistance {unknown}
Comestibles
 d - 17 rations


   Skills:
 + Level 9.0 Fighting
 - Level 2.0 Dodging
 - Level 1.4 Stealth
 * Level 11.4 Spellcasting
 + Level 6.4 Conjurations
   Level 0.8 Summonings
 - Level 0.8 Translocations
 + Level 5.0 Invocations


You had 22 spell levels left.
You knew the following spells:

 Your Spells              Type           Power        Failure   Level  Hunger
a - Magic Dart            Conj           ####         1%          1    None
b - Blink                 Tloc           N/A          3%          2    None
c - Conjure Flame         Conj/Fire      #####...     2%          3    None
d - Mephitic Cloud        Conj/Pois/Air  ####....     3%          3    None

Your spell library contained the following spells:

 Spells                   Type           Power        Failure   Level  Hunger
 Call Imp                 Summ           ###.....     3%          2    None
 Slow                     Hex            ###.....     4%          2    None


Dungeon Overview and Level Annotations

Branches:
Dungeon (10/15)            Temple (0/1) D:6            Lair (0/6) D:8
    Orc (0/2) D:10

Altars:
Ashenzari
Cheibriados
Fedhas
Hepliaklqana
Kikubaaqudgha
Okawaru
Qazlal
Sif Muna
Trog
Uskayaw
Vehumet
Xom
Yredelemnul
Zin


Innate Abilities, Weirdness & Mutations

You are too large for most types of armour.
You have tough skin. (AC +1)


Message History

The two-headed ogre is heavily wounded.
The two-headed ogre closely misses you.
The two-headed ogre completely misses you.
Attack whom?
Press: ? - help, Dir - move target cursor, f/p - two-headed ogre
Aim: a two-headed ogre, wielding a +0 giant club and a +0 giant spiked club (heavily wounded, confused)
You hit the two-headed ogre. You freeze the two-headed ogre.
The two-headed ogre is severely wounded.
The two-headed ogre gestures wildly.
The two-headed ogre hits you with a +0 giant club!
The two-headed ogre hits you with a +0 giant spiked club.
Attack whom?
Press: ? - help, Dir - move target cursor, f/p - two-headed ogre
Aim: a two-headed ogre, wielding a +0 giant club and a +0 giant spiked club (severely wounded, confused)
You hit the two-headed ogre. You freeze the two-headed ogre.
The two-headed ogre is almost dead.
The two-headed ogre hits you with a +0 giant club!!
* * * LOW HITPOINT WARNING * * *
The two-headed ogre hits you with a +0 giant spiked club!!
You die...

##### #.@.#.# #.#
#..O#.# #.######
##...#. #.......
#......######.......
#....##....##.......
#........#.##.######
#.##....)..##.# #.
##.#.....#.######
#####..####.......


You could see a two-headed ogre (confused).

Vanquished Creatures
  A wraith (D:10)
  A vampire (D:9)
  Eustachio (D:5)
  3 orc warriors
  4 sky beasts
  2 black bears
  7 ogres
  2 necrophages
  4 centaurs
  2 big kobolds
  2 bullfrogs
  A scorpion (D:9)
  A howler monkey (D:5)
  An electric eel (D:8)
  A crimson imp (D:5)
  3 jellies (D:10)
  A quasit (D:10)
  13 orc priests
  2 bullfrog skeletons
  8 hounds
  16 orc wizards
  A centaur skeleton (D:4)
  5 iguanas
  7 worker ants
  A worker ant zombie (D:10)
  Robin (D:2)
  A howler monkey skeleton (D:4)
  13 adders
  A river rat (D:4)
  A shadow imp (D:7)
  An ooze (D:3)
  An adder skeleton (D:7)
  5 worms
  3 dart slugs
  9 leopard geckos
  60 orcs
  5 ball pythons
  7 bats
  12 giant cockroaches
  12 goblins
  10 hobgoblins
  13 jackals
  3 quokkas
  5 frilled lizards
  2 gnoll zombies (D:4)
  A jackal skeleton (D:5)
  A jackal zombie (D:3)
  18 kobolds
  2 quokka zombies
  7 rats
284 creatures vanquished.

Vanquished Creatures (others)
  A fire vortex (D:4)
1 creature vanquished.

Grand Total: 285 creatures vanquished

Notes
Turn   | Place    | Note
-------+----------+-------------------------------------------
     0 | D:1      | Ivernyr the Ogre Wizard began the quest for the Orb.
     0 | D:1      | Reached XP level 1. HP: 16/16 MP: 5/5
   108 | D:1      | Reached skill level 1 in Conjurations
   243 | D:1      | Reached skill level 4 in Spellcasting
   243 | D:1      | Reached XP level 2. HP: 21/24 MP: 0/7
   784 | D:1      | Reached XP level 3. HP: 31/32 MP: 1/8
   863 | D:1      | Reached skill level 1 in Fighting
  1039 | D:1      | Learned a level 2 spell: Blink
  1043 | D:1      | Learned a level 3 spell: Conjure Flame
  1047 | D:1      | Learned a level 3 spell: Mephitic Cloud
  1547 | D:2      | Found a shattered altar of Ashenzari.
  1746 | D:2      | Noticed Robin
  1803 | D:2      | Killed Robin
  1803 | D:2      | Reached XP level 4. HP: 23/42 MP: 0/10
  2075 | D:2      | Found a blossoming altar of Fedhas.
  2077 | D:2      | Found an ancient bone altar of Kikubaaqudgha.
  2282 | D:2      | Found a radiant altar of Vehumet.
  2520 | D:3      | Reached skill level 5 in Spellcasting
  2825 | D:3      | HP: 1/42 [orc priest/+0 hand axe (5)]
  2884 | D:3      | Reached XP level 5. HP: 11/50 MP: 0/12
  4530 | D:4      | Reached XP level 6. HP: 61/61 MP: 4/14
  4613 | D:4      | Reached skill level 6 in Spellcasting
  4935 | D:4      | Found an iron altar of Okawaru.
  4964 | D:4      | Reached XP level 7. HP: 70/70 MP: 4/16
  5254 | D:4      | HP: 3/70 [something (11)]
  5712 | D:4      | Found a basalt altar of Yredelemnul.
  5924 | D:4      | Reached skill level 7 in Spellcasting
  6491 | D:5      | Entered Level 5 of the Dungeon
  6540 | D:5      | Reached skill level 5 in Fighting
  6941 | D:5      | Found a hide-covered altar of Uskayaw.
  7004 | D:5      | Reached XP level 8. HP: 80/80 MP: 15/19
  7008 | D:5      | Noticed Eustachio
  7044 | D:5      | Killed Eustachio
  7044 | D:5      | Reached skill level 8 in Spellcasting
  7316 | D:5      | You fall through a shaft!
  7348 | D:5      | Found a deep blue altar of Sif Muna.
  8403 | D:6      | Found a snail-covered altar of Cheibriados.
  8436 | D:6      | Found a staircase to the Ecumenical Temple.
  8463 | D:6      | Became a worshipper of Cheibriados the Contemplative
  8487 | D:6      | Found a shimmering altar of Xom.
  8488 | D:6      | Found a hazy altar of Hepliaklqana.
  8489 | D:6      | Noticed a spectral ugly thing
  8526 | D:6      | Reached skill level 9 in Spellcasting
  8673 | D:6      | Reached skill level 1 in Invocations
  8982 | D:7      | Reached skill level 5 in Conjurations
  8982 | D:7      | Reached XP level 9. HP: 77/92 MP: 9/22
  9612 | D:7      | Found a glowing silver altar of Zin.
 10009 | D:8      | Reached * piety under Cheibriados
 10180 | D:8      | Reached skill level 10 in Spellcasting
 10427 | D:8      | Found a stormy altar of Qazlal.
 10634 | D:8      | Found a bloodstained altar of Trog.
 10799 | D:8      | Found a staircase to the Lair.
 10800 | D:8      | Noticed a fire dragon
 11940 | D:9      | Reached ** piety under Cheibriados
 12265 | D:9      | Reached XP level 10. HP: 102/105 MP: 18/24
 12767 | D:10     | Entered Level 10 of the Dungeon
 12808 | D:10     | Reached skill level 11 in Spellcasting
 13212 | D:10     | Reached *** piety under Cheibriados
 13328 | D:10     | Found a staircase to the Orcish Mines.
 14276 | D:10     | Reached skill level 5 in Invocations
 14449 | D:10     | Noticed a two-headed ogre
 14461 | D:10     | Mangled by a two-headed ogre

Skill      XL: |  1  2  3  4  5  6  7  8  9 10 |
---------------+-------------------------------+-----
Conjurations   | 1 2 3 5 6 |  6.4
Dodging        | 2 |  2.0
Spellcasting   | 4 5 6 7 9 10 11 | 11.4
Fighting       | 1 2 3 4 5 6 8 9 |  9.0
Invocations    | 1 4 5 |  5.0
Stealth        | |  1.4
Summonings     | |  0.8
Translocations | |  0.8

Action                   |  1- 3 |  4- 6 |  7- 9 | 10-12 || total
-------------------------+-------+-------+-------+-------++-------
Melee: Mace              |     7 |       |       |       ||     7
       Spear             |    18 |    55 |   105 |   160 ||   338
       Trident           |       |       |       |    32 ||    32
 Cast: Magic Dart        |   100 |   185 |   438 |   160 ||   883
       Mephitic Cloud    |     1 |     3 |    21 |     9 ||    34
       Conjure Flame     |       |     3 |    16 |     9 ||    28
       Blink             |       |       |       |     1 ||     1
 Abil: Evoke Berserk Rag |     2 |       |     1 |       ||     3
  Use: Scroll            |       |       |    12 |       ||    12
 Stab: Confused          |     2 |     1 |     4 |     4 ||    11
  Eat: Chunk             |     3 |    11 |    20 |     3 ||    37
Armor: Robe              |     4 |    18 |    79 |    69 ||   170
Dodge: Dodged            |    20 |    48 |   110 |    75 ||   253
